 Dungeon Crawl Stone Soup version 0.20.0-15-g7f486f2 (webtiles) character file.

264391 StormFighter the Impregnable (level 19, -19/164 HPs)
             Began as a Minotaur Fighter on June 26, 2017.
             Was a High Priest of Ru.
             Killed from afar by PeterMcNeter's ghost (72 damage)
             ... with an iron shot
             ... on level 3 of the Elven Halls on June 27, 2017.
             The game lasted 02:27:26 (42914 turns).

StormFighter the Impregnable (Minotaur Fighter)    Turns: 42914, Time: 02:27:27

Health: -19/164    AC: 27    Str: 25    XL:     19   Next: 27%
Magic:  12/18      EV:  4    Int:  5    God:    Ru [*****.]
Gold:   1038       SH: 35    Dex: 10    Spells: 14/18 levels left

rFire    . . .     SeeInvis +   a - +7 scimitar of Yteumuff {drain, MR+}
rCold    + . .     Gourm    .   A - +18 shield of the Gong {rElec rN+ MR+ EV-5}
rNeg     + . .     Faith    .   r - +8 chain mail "Kuxingiuky" {rPois rC+ Str-4}
rPois    +         Spirit   .   c - +1 hat
rElec    +         Reflect  +   V - scarf {repulsion}
rCorr    .         Harm     .   Z - +0 pair of gloves
MR       ++++.                  R - +0 pair of boots {run}
Stlth    ..........             Q - +2 amulet of reflection
Regen    0.4/turn               Y - ring of see invisible
MPRegen  0.2/turn               t - ring of protection from magic

@: exhausted, very heavily drained, repel missiles, quick
A: retaliatory headbutt, horns 2, frail 1, no stealth, hated by all, inability
to train dodging, disrupted magic 2
}: 2/15 runes: decaying, gossamer
a: Draw Out Power, Power Leap, Apocalypse, Renounce Religion


You were on level 3 of the Elven Halls.
You worshipped Ru.
Ru was extremely pleased with you.
You were not hungry.

You visited 7 branches of the dungeon, and saw 32 of its levels.
You also visited: Bailey and Ice Cave.

You collected 3492 gold pieces.
You spent 2454 gold pieces at shops.

Inventory:

Hand Weapons
 a - the +7 scimitar of Yteumuff (weapon) {drain, MR+}
   (You bought it in a shop on level 11 of the Dungeon)

   A truly terrible weapon, it drains the life of those it strikes.
   It affects your resistance to hostile enchantments.
 b - a +0 hand axe of flaming
Missiles
 O - 2 throwing nets (quivered)
Armour
 c - a +1 hat (worn)
 r - the +8 chain mail "Kuxingiuky" (worn) {rPois rC+ Str-4}
   (You bought it in a shop on level 2 of the Orcish Mines)

   It affects your strength (-4).
   It protects you from cold.
   It protects you from poison.
 A - the +18 shield of the Gong (worn) {rElec rN+ MR+ EV-5}
   (You bought it in a shop on level 10 of the Dungeon)

   It affects your evasion (-5).
   It insulates you from electricity.
   It protects you from negative energy.
   It affects your resistance to hostile enchantments.
 R - a +0 pair of boots of running (worn)
 V - a scarf of repulsion (worn)
 Z - a +0 pair of gloves (worn)
Jewellery
 k - an uncursed ring of protection from cold
 m - an uncursed amulet of rage
 t - a ring of protection from magic (right hand)
 E - an uncursed ring of resist corrosion
 Q - a +2 amulet of reflection (around neck)
 U - an uncursed ring of flight
 Y - a ring of see invisible (left hand)
Wands
 h - a wand of digging (14/24)
 n - a wand of acid (8/15)
 L - a wand of acid (11/15)
 S - a wand of iceblast (9/15)
 T - a wand of digging (13/24)
Scrolls
 e - 2 scrolls of recharging
 g - 4 scrolls of fog
 p - 11 scrolls of remove curse
 q - 7 scrolls of teleportation
 w - 3 scrolls of magic mapping
 x - 5 scrolls of enchant armour
 y - a scroll of blinking
 B - 5 scrolls of amnesia
 H - 2 scrolls of fear
 I - 8 scrolls of enchant weapon
 X - a scroll of holy word {unknown}
Potions
 d - 2 potions of might
 i - 11 potions of curing
 j - 4 potions of berserk rage
 o - 5 potions of brilliance
 s - 3 potions of mutation
 u - 9 potions of heal wounds
 v - 2 potions of resistance
 z - 6 potions of ambrosia
 C - 5 potions of agility
 G - 6 potions of lignification
 J - 2 potions of flight {unknown}
 M - 2 potions of cancellation
 P - 5 potions of haste
 W - 2 potions of magic
Miscellaneous
 D - a phial of floods
 F - a fan of gales
Comestibles
 f - 20 bread rations
 l - 15 royal jellies


   Skills:
 + Level 19.2(14.9) Fighting
 - Level 15.1(11.2) Long Blades
 * Level 22.8(18.3) Armour
 * Level 21.8(17.4) Shields


You had 14 spell levels left.
You knew the following spells:

 Your Spells              Type           Power        Failure   Level  Hunger
a - Spectral Weapon       Hex/Chrm       #.......     100%        3    ####...
b - Apportation           Tloc           #.....       95%         1    ##.....


Dungeon Overview and Level Annotations

Branches:
Dungeon (12/15)            Temple (1/1) D:4            Lair (6/6) D:11
  Swamp (4/4) Lair:3       Spider (4/4) Lair:4        Slime (0/5) Lair:6
    Orc (2/2) D:9             Elf (3/3) Orc:2

Altars:
Ashenzari
Elyvilon
Gozag
Hepliaklqana
Kikubaaqudgha
Makhleb
Nemelex Xobeh
Okawaru
Qazlal
Ru
Sif Muna
Trog
Uskayaw
Vehumet
Xom
Yredelemnul
Zin
Beogh

Shops:
D:5 *   D:6 *   D:10 [   D:11 (   Orc:2 [([%   Elf:2 [   Elf:3 %

Annotations:
D:10 exclusion: downstairs
D:12 exclusion: 5 doors
Lair:6 exclusion: 4 oklob plants
Elf:3 exclusion: 2 doors, PeterMcNeter's ghost, veteran GrFi


Innate Abilities, Weirdness & Mutations

You reflexively headbutt those who attack you in melee.
You have a pair of horns on your head.
You are frail. (-10% HP)
You cannot be stealthy.
You are hated by all.
You cannot train Dodging skill.
Your casting is disrupted.


Message History

PeterMcNeter's ghost points at itself and mumbles some strange words.
The iron shot hits PeterMcNeter's ghost.
You miss PeterMcNeter's ghost.
PeterMcNeter's ghost is heavily damaged.
You miss PeterMcNeter's ghost.
PeterMcNeter's ghost is heavily damaged.
PeterMcNeter's ghost begins to cast a spell, but is stunned by your will!
You hit PeterMcNeter's ghost but do no damage.
You headbutt PeterMcNeter's ghost.
PeterMcNeter's ghost is heavily damaged.
PeterMcNeter's ghost points at you and mumbles some strange words.
You resist with almost no effort.
You hit PeterMcNeter's ghost but do no damage.
Your headbutt misses PeterMcNeter's ghost.
PeterMcNeter's ghost is heavily damaged.
You miss PeterMcNeter's ghost.
PeterMcNeter's ghost is heavily damaged.
PeterMcNeter's ghost gestures at you while chanting.
The iron shot hits you!
You die...

.#))........# #...#)[.#,,*
.#..........#* *#..##}.##,,*
##...........##*
***...#.)}#,,,*
##............#**,,,,##.}##,,**
#.............,,,,,##[))#,,,* #
##.....⌠......,,,###.:.##,,** #
#............####.[})##,,,* #
*#........(..#..)(..##,,,** #
**,,,..(...W@.%..###,,,** #
**,,.......#".###,,,,** #
**,.......####,,,,,** #
**#......*,,,,,,***
###....+,,,,*** #####******


You could see PeterMcNeter's ghost.

Vanquished Creatures
  Mara (Spider:4)
  Jorgrun (Spider:3)
  A tentacled monstrosity (Swamp:4)
  A deep elf master archer (Elf:3)
  3 deep elf blademasters (Elf:3)
  3 thorn hunters
  Roxanne (Swamp:3)
  The ghost of Exporg the Peltast, an adept MiFi of Okawaru (Swamp:4)
  Kirke (Elf:1)
  Donald (Orc:2)
  8 deep elf sorcerers (Elf:3)
  Louise (Swamp:1)
  4 ghost moths
  An orc warlord (Orc:1)
  A deep elf elementalist (Elf:3)
  12 emperor scorpions
  3 very ugly things
  5 deep elf demonologists
  An entropy weaver (Spider:2)
  Nessos (Lair:4)
  7 deep elf annihilators (Elf:3)
  4 deep elf death magi (Elf:3)
  A deep elf high priest (Elf:3)
  An ice dragon (Swamp:1)
  29 hydras
  A merfolk avatar (Lair:6)
  6 two-headed ogres
  13 alligators
  30 dancing weapons
  9 deep elf knights
  A spriggan berserker (Swamp:4)
  A sea snake (Lair:6)
  10 swamp dragons
  5 shambling mangroves
  10 deep elf archers
  3 spriggan druids (Swamp:4)
  3 orc knights
  16 orb spiders
  25 wolf spiders
  57 deep elf magi
  An ugly thing (D:11)
  2 orc sorcerers (Orc:2)
  A manticore (Lair:6)
  A cyclops (D:7)
  Maurice (D:9)
  4 moths of wrath
  3 black mambas
  5 ice statues (IceCv)
  3 elephants (Lair:6)
  14 spiny frogs
  2 torpor snails (Spider:2)
  6 rime drakes
  6 komodo dragons
  14 demonic crawlers
  3 anaconda simulacra (IceCv)
  A golden dragon simulacrum (IceCv)
  4 trolls
  44 jumping spiders
  6 tyrant leeches
  3 polar bears
  2 wind drakes (Lair:6)
  26 hornets
  6 slime creatures
  7 dream sheep (Lair:4)
  8 blink frogs
  8 hippogriffs
  14 bog bodies
  30 tarantellas
  12 spriggans
  2 air elementals (Elf:3)
  A shadow (Swamp:4)
  Sigmund (D:4)
  79 redbacks
  33 yaks
  A spriggan (shapeshifter) (Elf:2)
  5 wyverns
  5 hogs
  2 hungry ghosts
  3 fire elementals
  Grum (Lair:1)
  11 vampire mosquitoes
  4 humans
  A warg (Orc:1)
  22 swamp worms
  13 insubstantial wisps
  3 iron troll simulacra (IceCv)
  A harpy simulacrum (IceCv)
  A hydra simulacrum (IceCv)
  13 water moccasins
  17 swamp drakes
  3 black bears
  11 porcupines
  A hornet zombie (D:8)
  2 sky beasts (D:11)
  34 orc warriors
  An eye of draining (D:11)
  7 phantoms
  11 ice beasts
  A necrophage (D:7)
  4 ogres
  18 wolves
  4 centaurs
  13 crocodiles
  14 bullfrogs
  An earth elemental (Elf:2)
  A water moccasin zombie (D:4)
  5 scorpions
  13 killer bees
  2 electric eels
  4 wights (D:11)
  7 howler monkeys
  6 crimson imps
  3 bullfrog zombies
  4 centaur zombies
  A gnoll shaman (D:7)
  2 jellies (D:10)
  21 orc priests
  4 hounds
  4 bullfrog skeletons
  A centaur skeleton (D:12)
  37 orc wizards
  6 iguanas
  5 hell rats (Lair:6)
  8 worker ants
  A worker ant zombie (D:9)
  A howler monkey skeleton (D:9)
  13 gnolls
  14 adders
  A shadow imp (D:10)
  An ooze (D:1)
  4 adder zombies
  2 adder skeletons
  8 worms
  A dart slug (D:1)
  3 leopard geckos
  89 orcs
  7 giant cockroaches
  7 goblins
  3 hobgoblins (D:1)
  14 jackals
  5 kobolds
  7 quokkas
  3 ball pythons
  8 bats
  6 frilled lizards
  A jackal skeleton (D:5)
  A leopard gecko skeleton (D:8)
  A leopard gecko zombie (D:6)
  8 rats
  A briar patch (Swamp:3)
1208 creatures vanquished.

Vanquished Creatures (others)
  A ghost moth (Spider:3)
  3 hydras
  An alligator (Swamp:3)
  3 dancing weapons
  A deep elf archer (Elf:1)
  2 deep elf magi
  A moth of wrath (Spider:3)
  2 demonic crawlers (Spider:4)
  2 komodo dragons
  A hornet (Swamp:4)
  2 jumping spiders
  A slime creature (Swamp:3)
  3 redbacks
  A water elemental (Elf:3)
  A tarantella (Spider:2)
  A human (Elf:2)
  A vampire mosquito (Lair:3)
  An orc (Orc:2)
  5 fungi
  10 plants
  11 toadstools (Swamp:3)
54 creatures vanquished.

Grand Total: 1262 creatures vanquished

Notes
Turn   | Place    | Note
-------+----------+-------------------------------------------
     0 | D:1      | StormFighter the Minotaur Fighter began the quest for the Orb.
     0 | D:1      | Reached XP level 1. HP: 19/19 MP: 0/0
     2 | D:1      | Noticed a troll
     4 | D:1      | Noticed a felid
     4 | D:1      | Noticed a gargoyle
     6 | D:1      | Noticed a formicid
     6 | D:1      | Noticed an ogre
     8 | D:1      | Noticed a vine stalker
    10 | D:1      | Noticed a draconian
    10 | D:1      | Noticed an elf
    12 | D:1      | Noticed a minotaur
    12 | D:1      | Noticed a demonspawn
    14 | D:1      | Noticed a vampire
    14 | D:1      | Noticed a halfling
    16 | D:1      | Noticed a human
    16 | D:1      | Noticed a demigod
    18 | D:1      | Noticed a dwarf
    18 | D:1      | Noticed a centaur
    20 | D:1      | Noticed a merfolk
    20 | D:1      | Noticed a naga
    22 | D:1      | Noticed a tengu
    24 | D:1      | Noticed an octopode
    26 | D:1      | Noticed a ghoul
    26 | D:1      | Noticed a spriggan
    92 | D:1      | Reached XP level 2. HP: 26/26 MP: 1/1
   363 | D:1      | Reached XP level 3. HP: 22/31 MP: 2/2
   760 | D:2      | Reached skill level 5 in Long Blades
   777 | D:2      | Reached XP level 4. HP: 39/39 MP: 3/3
  1267 | D:3      | Reached XP level 5. HP: 36/45 MP: 4/4
  1823 | D:4      | Reached XP level 6. HP: 5/51 MP: 5/5
  2277 | D:4      | Reached XP level 7. HP: 32/57 MP: 6/6
  2456 | D:4      | Found a staircase to the Ecumenical Temple.
  2463 | Temple   | Entered the Ecumenical Temple
  2490 | Temple   | Became a worshipper of Ru the Awakened
  2970 | D:4      | Noticed Sigmund
  3008 | D:4      | Killed Sigmund
  3008 | D:4      | Reached skill level 10 in Long Blades
  3143 | D:5      | Entered Level 5 of the Dungeon
  3722 | D:5      | Found Qophazib's General Store.
  3730 | D:5      | Bought a potion of heal wounds for 65 gold pieces
  3730 | D:5      | Bought a scroll of fear for 45 gold pieces
  3802 | D:5      | Reached XP level 8. HP: 64/64 MP: 7/7
  4147 | D:6      | Gained mutation: You are frail. (-10% HP) [Ru sacrifice]
  4147 | D:6      | Reached * piety under Ru
  4147 | D:6      | Reached ** piety under Ru
  4462 | D:6      | Reached skill level 4 in Armour
  4622 | D:5      | Reached skill level 5 in Armour
  4766 | D:6      | Reached skill level 5 in Fighting
  4881 | D:6      | Found Unnounge's General Store.
  4889 | D:6      | Bought a scroll of teleportation for 42 gold pieces
  4889 | D:6      | Bought a potion of curing for 42 gold pieces
  5147 | D:6      | Reached skill level 6 in Armour
  5147 | D:6      | Reached XP level 9. HP: 63/67 MP: 8/8
  5648 | D:7      | Reached skill level 7 in Armour
  5791 | D:7      | Reached skill level 8 in Armour
  5926 | D:7      | Noticed a cyclops
  5933 | D:7      | Killed a cyclops
  6032 | D:7      | Reached XP level 10. HP: 81/81 MP: 9/9
  6166 | D:8      | Reached skill level 9 in Armour
  6481 | D:8      | Noticed a two-headed ogre
  6531 | D:8      | Killed a two-headed ogre
  6792 | D:8      | Reached skill level 10 in Fighting
  6792 | D:8      | Reached skill level 5 in Shields
  7022 | D:9      | Noticed a two-headed ogre
  7065 | D:9      | Reached skill level 10 in Armour
  7107 | D:9      | Noticed a two-headed ogre
  7135 | D:9      | Killed a two-headed ogre
  7459 | D:9      | Killed a two-headed ogre
  7704 | D:9      | Reached XP level 11. HP: 88/90 MP: 10/10
  7781 | D:9      | Found a staircase to the Orcish Mines.
  7898 | D:9      | Noticed Maurice
  7915 | D:9      | Killed Maurice
  8037 | Orc:1    | Entered Level 1 of the Orcish Mines
  8077 | D:10     | Entered Level 10 of the Dungeon
  8707 | D:10     | Reached skill level 11 in Armour
  8880 | D:10     | Found Oheshaim's Armour Boutique.
  9489 | D:11     | Gained mutation: You are hated by all. [Ru sacrifice]
  9489 | D:11     | Reached *** piety under Ru
  9511 | D:11     | Noticed a green ugly thing
  9517 | D:11     | Noticed a six-headed hydra
  9800 | D:9      | Got a scorched short sword
  9801 | D:9      | Identified the cursed +0 short sword of the Pit {pierce, +Inv rElec} (You found it on level 9 of the Dungeon)
  9943 | Orc:2    | Entered Level 2 of the Orcish Mines
 10012 | Orc:2    | Found a roughly hewn altar of Beogh.
 10134 | Orc:2    | Noticed an orc sorcerer
 10269 | Orc:2    | Killed an orc sorcerer
 10289 | Orc:2    | Noticed an orc warlord
 10424 | Orc:2    | Noticed an orc sorcerer
 10506 | Orc:2    | Noticed a sun demon
 10965 | D:12     | Found a flagged portal.
 10975 | Bailey   | Entered a bailey
 11172 | Bailey   | Noticed systemy's ghost (journeyman MiBe)
 11183 | Bailey   | Noticed Trampli's ghost (novice HOFi)
 11842 | D:12     | Noticed a two-headed ogre
 11851 | D:12     | Killed a two-headed ogre
 12159 | D:11     | Found a staircase to the Lair.
 12159 | D:11     | Noticed a two-headed ogre
 12346 | D:11     | Killed a green ugly thing
 12386 | D:11     | Found Paegiuph's Antique Weapon Boutique.
 12394 | D:11     | Bought a bloodstained scimitar for 261 gold pieces
 12394 | D:11     | Identified the +7 scimitar of Yteumuff {drain, MR+} (You bought it in a shop on level 11 of the Dungeon)
 12567 | D:11     | Killed a two-headed ogre
 12567 | D:11     | Reached XP level 12. HP: 70/101 MP: 11/11
 12699 | Lair:1   | Entered Level 1 of the Lair of Beasts
 12722 | Lair:1   | Noticed a four-headed hydra
 12727 | Lair:1   | Noticed Grum
 12738 | Lair:1   | Killed a one-headed hydra
 12743 | Lair:1   | Killed Grum
 12996 | Lair:1   | Reached skill level 15 in Long Blades
 13013 | Lair:1   | Reached skill level 12 in Armour
 13514 | Lair:2   | Noticed a five-headed hydra
 13523 | Lair:1   | Killed a three-headed hydra
 13907 | Lair:2   | Noticed a five-headed hydra
 13915 | Lair:2   | Killed a one-headed hydra
 14266 | Lair:2   | Noticed a seven-headed hydra
 14273 | Lair:2   | Killed a seven-headed hydra
 15044 | Lair:3   | Found a staircase to the Swamp.
 15076 | Lair:3   | Reached skill level 13 in Armour
 15100 | Lair:3   | Reached skill level 10 in Shields
 15221 | Lair:3   | Noticed a six-headed hydra
 15273 | Lair:3   | Killed a four-headed hydra
 15565 | Lair:4   | Noticed Nessos
 15590 | Lair:4   | Killed Nessos
 15590 | Lair:4   | Reached XP level 13. HP: 79/110 MP: 12/12
 15894 | Lair:4   | Found a hole to the Spider Nest.
 17222 | Lair:5   | HP: 3/111 [two-headed hydra (8)]
 17492 | Lair:5   | Reached skill level 14 in Armour
 17623 | Lair:6   | Entered Level 6 of the Lair of Beasts
 18783 | Lair:6   | Reached skill level 15 in Armour
 18817 | Lair:6   | Found a staircase to the Slime Pits.
 19081 | Lair:6   | Got a transparent flail
 19092 | Lair:6   | Identified Ogaoc's Grimoire of Execration
 19099 | Lair:6   | Identified a scroll of acquirement
 19111 | Lair:6   | Identified a +0 pair of boots of running (You acquired it on level 6 of the Lair of Beasts)
 19131 | Lair:6   | Learned a level 3 spell: Spectral Weapon
 19310 | Lair:6   | Reached XP level 14. HP: 114/119 MP: 13/13
 19482 | Lair:1   | Identified the +10 flail "Telokhe" {crush, rElec rF+} (You found it on level 6 of the Lair of Beasts)
 19597 | Orc:1    | Killed an orc warlord
 19815 | Orc:2    | Found a roughly hewn altar of Beogh.
 19825 | Orc:2    | Found Xiwim's Antique Armour Shop.
 20168 | Orc:2    | Found Plog's Antique Armour Shop.
 20169 | Orc:2    | Found a roughly hewn altar of Beogh.
 20181 | Orc:2    | Found Ichel's Antique Weapon Boutique.
 20233 | Orc:2    | Found a staircase to the Elven Halls.
 20254 | Orc:2    | Noticed Donald
 20269 | Orc:2    | Killed Donald
 20402 | Orc:2    | Found a roughly hewn altar of Beogh.
 20403 | Orc:2    | Found Gyobu's Food Shop.
 20449 | Orc:2    | Found a roughly hewn altar of Beogh.
 20670 | Orc:1    | Reached skill level 15 in Fighting
 21080 | Orc:2    | Bought an ancient cloak for 304 gold pieces
 21119 | Orc:2    | Bought an encrusted chain mail for 304 gold pieces
 21233 | D:10     | Bought the +18 shield of the Gong {rElec rN+ MR+ EV-5} for 1167 gold pieces
 21257 | D:10     | Identified the cursed -2 cloak of the Pit {rPois Int-4 Dex+4} (You bought it in a shop on level 2 of the Orcish Mines)
 21267 | D:10     | Identified the +8 chain mail "Kuxingiuky" {rPois rC+ Str-4} (You bought it in a shop on level 2 of the Orcish Mines)
 21435 | Swamp:1  | Entered Level 1 of the Swamp
 21473 | Swamp:1  | Reached skill level 16 in Armour
 21478 | Swamp:1  | Found a frozen archway.
 21542 | IceCv    | Entered an ice cave
 21703 | IceCv    | Gained mutation: You cannot train Dodging skill. [Ru sacrifice]
 21703 | IceCv    | Reached **** piety under Ru
 21703 | IceCv    | Reached ***** piety under Ru
 21960 | IceCv    | Noticed a white very ugly thing
 21982 | IceCv    | Killed a white very ugly thing
 22039 | IceCv    | Noticed a white very ugly thing
 22072 | IceCv    | Killed a white very ugly thing
 23242 | Swamp:1  | Noticed Louise
 23266 | Swamp:1  | Killed Louise
 23266 | Swamp:1  | Reached skill level 17 in Armour
 23266 | Swamp:1  | Reached skill level 15 in Shields
 23266 | Swamp:1  | Reached XP level 15. HP: 128/128 MP: 14/14
 24445 | Swamp:3  | Noticed a thorn hunter
 24495 | Swamp:3  | Killed a thorn hunter
 24503 | Swamp:3  | Noticed a thorn hunter
 25177 | Swamp:3  | Killed a thorn hunter
 25393 | Swamp:2  | Noticed a thorn hunter
 25401 | Swamp:2  | Killed a thorn hunter
 25586 | Swamp:3  | Noticed Roxanne
 25647 | Swamp:3  | Killed Roxanne
 26285 | Swamp:4  | Entered Level 4 of the Swamp
 26365 | Swamp:4  | Noticed Exporg's ghost (adept MiFi)
 26429 | Swamp:4  | Killed Exporg's ghost
 26429 | Swamp:4  | Reached skill level 18 in Armour
 28745 | Swamp:4  | Noticed a tentacled monstrosity
 28765 | Swamp:3  | Reached XP level 16. HP: 45/136 MP: 15/15
 29232 | Swamp:4  | Killed a tentacled monstrosity
 30339 | Swamp:4  | Reached skill level 19 in Armour
 30620 | Swamp:4  | Got a decaying rune of Zot
 30653 | Swamp:4  | Got a jewelled lajatang
 30963 | Spider:1 | Entered Level 1 of the Spider Nest
 32401 | Spider:3 | Noticed Jorgrun
 32410 | Spider:3 | Killed Jorgrun
 33425 | Spider:2 | Reached XP level 17. HP: 121/144 MP: 0/16
 33461 | Spider:2 | Reached skill level 20 in Armour
 33570 | Spider:2 | Gained mutation: You cannot be stealthy. [Ru sacrifice]
 34856 | Spider:4 | Entered Level 4 of the Spider Nest
 34966 | Spider:4 | Noticed Mara
 34973 | Spider:4 | Noticed StormFighter's illusion
 36255 | Spider:4 | Noticed StormFighter's illusion
 36344 | Spider:4 | Killed Mara
 36833 | Spider:4 | Gained mutation: Your casting is slightly disrupted. [Ru sacrifice]
 37157 | Spider:4 | Reached skill level 21 in Armour
 37352 | Spider:4 | Got a gossamer rune of Zot
 37822 | Orc:2    | Bought a glowing hat for 224 gold pieces
 37868 | Elf:1    | Entered Level 1 of the Elven Halls
 38148 | Orc:2    | Reached XP level 18. HP: 150/154 MP: 17/17
 38189 | Elf:1    | Noticed Kirke
 38207 | Elf:1    | Killed Kirke
 38308 | Elf:1    | Found a radiant altar of Vehumet.
 38338 | Elf:1    | Identified the Disquisition on Calling
 38621 | Elf:1    | Gained mutation: Your casting is disrupted. [Ru sacrifice]
 39320 | Elf:2    | Found Iday's Armour Shoppe.
 39734 | Elf:2    | Found a runed gate.
 39735 | Elf:2    | Found a runed gate.
 39736 | Elf:2    | Found a runed gate.
 40065 | Elf:2    | HP: 4/155 [halberd of freezing (17)]
 40836 | Elf:3    | Entered Level 3 of the Elven Halls
 41018 | Elf:3    | Reached skill level 22 in Armour
 41056 | Elf:3    | Noticed an Ice Fiend
 42083 | Elf:3    | Found Toqutzucu's Food Boutique.
 42453 | Elf:3    | Reached XP level 19. HP: 123/163 MP: 18/18
 42851 | Elf:3    | Learned a level 1 spell: Apportation
 42860 | Elf:3    | Noticed PeterMcNeter's ghost (veteran GrFi)
 42914 | Elf:3    | Killed from afar by PeterMcNeter's ghost

Skill      XL: |  1  2  3  4  5  6  7  8  9 10 11 12 13 14 15 16 17 18 |
---------------+-------------------------------------------------------+-----
Long Blades    | 3 4 5 6 7 9 11 12 13 14 15 | 15.1
Fighting       | 5 8 10 12 13 14 15 16 17 18 19 | 19.2
Armour         | 6 8 10 11 13 15 17 18 19 21 22 | 22.8
Shields        | 5 7 10 12 15 17 18 20 21 | 21.8

Action                   |  1- 3 |  4- 6 |  7- 9 | 10-12 | 13-15 | 16-18 | 19-21 || total
-------------------------+-------+-------+-------+-------+-------+-------+-------++-------
Melee: Long sword        |    78 |   156 |   398 |   706 |       |       |       ||  1338
       Headbutt          |    11 |    31 |    70 |   223 |   382 |   391 |    16 ||  1124
       Scimitar          |       |       |       |   240 |  1370 |  1800 |   118 ||  3528
       Hand axe          |       |       |       |    25 |   173 |    41 |       ||   239
Invok: Sacrifice Health  |       |       |     1 |       |       |       |       ||     1
       Reject Sacrifices |       |       |     1 |     1 |     2 |     1 |       ||     5
       Draw Out Power    |       |       |       |     2 |     3 |     1 |       ||     6
       Sacrifice Love    |       |       |       |     1 |       |       |       ||     1
       Sacrifice Nimblen |       |       |       |       |     1 |       |       ||     1
       Power Leap        |       |       |       |       |     6 |     9 |     1 ||    16
       Apocalypse        |       |       |       |       |       |     3 |     2 ||     5
       Sacrifice Essence |       |       |       |       |       |     2 |       ||     2
       Sacrifice Stealth |       |       |       |       |       |     1 |       ||     1
 Abil: Evoke Berserk Rag |       |       |       |     1 |     2 |       |       ||     3
Evoke: Wand              |       |       |     3 |    19 |     2 |       |       ||    24
  Use: Scroll            |       |       |     3 |     5 |    23 |     6 |     3 ||    40
       Potion            |       |       |       |     1 |     3 |     4 |       ||     8
 Stab: Confused          |       |       |     1 |     1 |       |       |       ||     2
       Invisible         |       |       |       |     4 |    10 |    12 |     1 ||    27
       Distracted        |       |       |       |     1 |     3 |     4 |       ||     8
       Paralysed         |       |       |       |       |     4 |     3 |       ||     7
  Eat: Chunk             |       |     5 |    11 |    25 |    17 |     9 |       ||    67
       Fruit             |       |       |     4 |     4 |    17 |     3 |       ||    28
       Meat ration       |       |       |       |     1 |     3 |     4 |       ||     8
       Royal jelly       |       |       |       |       |       |     5 |     1 ||     6
Armor: Scale mail        |    45 |    45 |    25 |       |       |       |       ||   115
       Plate armour      |       |       |   138 |   422 |   170 |       |       ||   730
       Chain mail        |       |       |       |       |   461 |   765 |    10 ||  1236
Dodge: Dodged            |    24 |    27 |    52 |   140 |   153 |   163 |     3 ||   562
       Deflected         |       |       |       |       |       |     4 |     1 ||     5
Block: Shield            |    32 |    65 |   133 |   409 |  1644 |  2475 |    91 ||  4849
       Reflection        |       |       |       |       |       |    33 |     4 ||    37
       Rpst.: Long sword |     8 |     7 |    13 |    15 |       |       |       ||    43
       Scimitar          |       |       |       |     7 |    20 |    22 |       ||    49
